 Dungeon Crawl Stone Soup version 0.26.1-11-gd32895ea62 (webtiles) character file.

Game seed: 13104321863323630405

52 buriedalive the Chiller (level 3, -1/19 HPs)
             Began as a Deep Elf Ice Elementalist on May 27, 2021.
             Slain by a goblin (2 damage)
             ... on level 2 of the Dungeon.
             The game lasted 00:02:39 (1881 turns).

buriedalive the Chiller (Deep Elf Ice Elementalist) Turns: 1881, Time: 00:02:40

Health: -1/19      AC:  2    Str:  5    XL:     3   Next: 60%
Magic:  2/9        EV: 14    Int: 20    God:
Gold:   87         SH:  0    Dex: 15    Spells: 1/8 levels left

rFire    . . .     SeeInvis .   b - +0 dagger
rCold    . . .     Faith    .   (no shield)
rNeg     . . .     Spirit   .   a - +0 robe
rPois    .         Reflect  .   (no helmet)
rElec    .         Harm     .   f - scarf {repulsion}
rCorr    .         Rampage  .   (no gloves)
Will     .....                  (no boots)
Stlth    ++........             (no amulet)
HPRegen  0.06/turn              (no ring)
MPRegen  0.11/turn              (no ring)

@: repel missiles
A: no striking features
a: no special abilities


You were on level 2 of the Dungeon.
You visited 1 branch of the dungeon, and saw 2 of its levels.

You collected 87 gold pieces.

Inventory:

Hand Weapons
 b - a +0 dagger (weapon)
Missiles
 j - 12 stones
Armour
 a - a +0 robe (worn)
 f - a scarf of repulsion (worn)
 g - a +0 leather armour
 i - a +0 leather armour
Scrolls
 c - a scroll of fear {unknown}
 e - a scroll of remove curse {unknown}
 h - 2 scrolls of identify {unknown}
Potions
 d - a potion of brilliance {unknown}


   Skills:
 + Level 3.8 Dodging
 - Level 2.4 Stealth
 - Level 3.0 Spellcasting
 + Level 5.2 Ice Magic


You had one spell level left.
You knew the following spells:

 Your Spells              Type           Power        Failure   Level
a - Freeze                Ice            92%          1%          1
b - Frozen Ramparts       Ice            46%          4%          3
c - Ozocubu's Armour      Ice            23%          4%          3

Your spell library contained the following spells:

 Spells                   Type           Power        Failure   Level
 Hailstorm                Conj/Ice       13%          43%         4
 Summon Ice Beast         Ice/Summ       13%          43%         4


Dungeon Overview and Level Annotations

Branches:
Dungeon (2/15)

Altars:

Annotations:
D:2 Robin


Message History

Aiming: Freeze (safe; 1% risk of failure)
Press: ? - help, Shift-Dir - straight line, f/p - goblin
Aim: a goblin, wielding a +0 club (heavily wounded, strong)
You freeze the goblin!
You kill the goblin!
The goblin misses you. The goblin barely misses you.
The goblin barely misses you.
Robin says, "Duck!"
The goblin misses you. The goblin closely misses you.
Robin roars a battlecry!
The goblin goes into a battle-frenzy!
Unknown command.
The goblin no longer looks unusually strong.
Robin throws the goblin at you! The goblin barely misses you.
The goblin hits you.
* * * LOW HITPOINT WARNING * * *
Robin says, "My goblins will feast on your bones."
The goblin hits you.
You die...

#......##g...)#####.####.......
.....######.####......###.....#.#
..### .# #.....##....####.# . .#
#....).......# #.# ##
#....#.......# #.# ####.........#
#.# #.g.......###.#
########gg##.........#
#....@.g..####...♣...#
#.....g...# #..♣.♣..# #####....##
#.♣._.♣.# ......# #..♣.♣...
##.....# #...♣.... ##....#
#........ ##.... ...#......
##..##.#####...†. #.....


You could see a hobgoblin (strong) and 3 goblins.

Vanquished Creatures
  An ooze (D:1)
  3 dart slugs
  3 leopard geckos (D:1)
  3 bats
  A giant cockroach (D:1)
  7 goblins
  7 hobgoblins
  3 frilled lizards (D:1)
  2 kobolds (D:1)
  7 rats (D:1)
37 creatures vanquished.

Notes
Turn   | Place    | Note
-------+----------+-------------------------------------------
     0 | D:1      | buriedalive the Deep Elf Ice Elementalist began the quest
                  | for the Orb.
     0 | D:1      | Reached XP level 1. HP: 10/10 MP: 6/6
   362 | D:1      | Reached XP level 2. HP: 7/15 MP: 5/8
   992 | D:1      | Reached skill level 5 in Ice Magic
  1108 | D:1      | Reached XP level 3. HP: 18/19 MP: 7/9
  1675 | D:2      | Found a faded altar of an unknown god.
  1680 | D:2      | Learned a level 3 spell: Frozen Ramparts
  1684 | D:2      | Learned a level 3 spell: Ozocubu's Armour
  1836 | D:2      | Identified the cursed -5 helmet "Deriseru" {rElec rN+}
  1836 | D:2      | Noticed Robin
  1881 | D:2      | Slain by a goblin

Illustrated notes

Levels and vault maps discovered:
D:1:      elethiomel_arrival_quiet, layout_basic, minmay_hexomino_f4
D:2:      minmay_alternating_diamond, layout_rooms,
          chequers_ecumenical_altar_simple_redux, uniq_robin

Skill      XL: |  1  2 |
---------------+-------+-----
Dodging        | 3 |  3.8
Ice Magic      | 5 |  5.2
Stealth        | |  2.4
Spellcasting   | |  3.0

Action                   || total
-------------------------++-------
Melee: Dagger            ||    50
 Cast: Freeze            ||    42
 Stab: Sleeping          ||     7
       Distracted        ||     1
Armor: Robe              ||     7
Dodge: Dodged            ||    54
       Repelled          ||     1
